 Dungeon Crawl Stone Soup version 0.17.0-28-g6e173f8 (webtiles) character file.

35 dvd the Gusty (level 3, -2/21 HPs)
             Began as a High Elf Air Elementalist on Nov 27, 2015.
             Slain by Terence
             ... wielding a +0 morningstar
              (6 damage)
             ... on level 2 of the Dungeon.
             The game lasted 00:04:22 (1396 turns).

dvd the Gusty (High Elf Air Elementalist)           Turns: 1396, Time: 00:04:22

Health: -2/21      AC:  2    Str:  7    XL:     3   Next: 17%
Magic:  6/17       EV: 13    Int: 20    God:
Gold:   58         SH:  0    Dex: 20    Spells: 2 memorised, 5 levels left

rFire  . . .     SeeInvis .     m - +1 dagger (venom)
rCold  . . .     Clarity  .     a - +0 robe
rNeg   . . .     SustAt   .     (no shield)
rPois  .         Gourm    .     (no helmet)
rElec  .         Spirit   .     (no cloak)
rCorr  .         Warding  .     (no gloves)
rMut   .         Stasis   .     (no boots)
MR     .....                    (no amulet)
Stlth  ++........               g - ring of magical power
                                d - +5 ring of dexterity

@: very slightly contaminated, repel missiles, not resistant to hostile
enchantments, unstealthy
A: no striking features
a: no special abilities


You were on level 2 of the Dungeon.
You were very hungry.

You visited 1 branch of the dungeon, and saw 2 of its levels.

You collected 58 gold pieces.

Inventory:

Hand Weapons
 k - a +0 dagger
 m - a +1 dagger of venom (weapon)
Armour
 a - a +0 robe (worn)
Jewellery
 d - a +5 ring of dexterity (left hand)
 g - a ring of magical power (right hand)
 i - an uncursed ring of protection from magic
Scrolls
 j - a scroll of blinking {unknown}
Potions
 e - a potion of heal wounds {unknown}
 f - a potion of curing {unknown}
 h - 3 potions of brilliance {unknown}
 l - a potion of ambrosia {unknown}
Books
 b - a book of Air

   Spells                             Type                      Level
   a - Shock                          Conjuration/Air              1
   b - Swiftness                      Charms/Air                   2
   c - Repel Missiles                 Charms/Air                   2
   d - Static Discharge               Conjuration/Air              3
   e - Lightning Bolt                 Conjuration/Air              5
Comestibles
 c - 2 bread rations
 n - 2 fruits


   Skills:
 + Level 2.5 Dodging
 + Level 2.1 Stealth
 + Level 3.2 Spellcasting
 + Level 2.0 Conjurations
 + Level 3.9 Air Magic


You had 5 spell levels left.
You knew the following spells:

 Your Spells              Type           Power        Failure   Level  Hunger
a - Shock                 Conj/Air       ###.         4%          1    None
b - Repel Missiles        Chrm/Air       ##....       12%         2    ##.....


Dungeon Overview and Level Annotations

Branches:
Dungeon (2/15)

Altars:

Annotations:
D:2 Terence


Message History

Terence closely misses you.
Casting: Shock
Confirm with . or Enter, or press ? or * to list all spells.
Aiming: Shock
Press: ? - help, Shift-Dir - straight line, f/p - Terence
Aim: Terence, wielding a morningstar and wearing a chain mail (severely wounded)
You miscast Shock.
You are very lightly contaminated with residual magic.
Wisps of vapour drift from your hands. Terence hits you with a morningstar!
Ouch! That really hurt!
* * * LOW HITPOINT WARNING * * *
Casting: Shock
Confirm with . or Enter, or press ? or * to list all spells.
Aiming: Shock
Press: ? - help, Shift-Dir - straight line, f/p - Terence
Aim: Terence, wielding a morningstar and wearing a chain mail (severely wounded)
The zap hits Terence.
Terence appears unharmed.
Terence is severely wounded.
Terence hits you with a morningstar.
You die...

###..###.# #........#
#.....#..#
.........#######
...............#
##.####.######.#
#.####.# #.#
#......### #@#
##.......####@####
#.......##......#
?####..[....##.#....#
............##.#.#..#
....#.......##.#)...#
..#.#.......##.#.##.#
. . #..†....##......#
##.....#####.####
.......# #.#


You could see Terence.

Vanquished Creatures
  An adder (D:2)
  An ooze (D:1)
  A giant gecko (D:2)
  5 hobgoblins (D:1)
  5 bats
  2 giant newts
  A goblin (D:1)
  4 kobolds
  4 rats (D:1)
24 creatures vanquished.

Notes
Turn   | Place    | Note
--------------------------------------------------------------
     0 | D:1      | dvd the High Elf Air Elementalist began the quest for the Orb.
     0 | D:1      | Reached XP level 1. HP: 11/11 MP: 4/4
   344 | D:1      | Reached XP level 2. HP: 17/17 MP: 1/6
   390 | D:1      | Learned a level 2 spell: Repel Missiles
  1364 | D:2      | Reached XP level 3. HP: 21/21 MP: 8/8
  1366 | D:2      | Noticed Terence
  1396 | D:2      | Slain by Terence

Action                   || total
-------------------------++-------
Melee: Dagger            ||     1
 Cast: Shock             ||    58
       Repel Missiles    ||     1
